 Dungeon Crawl Stone Soup version 0.26.1-11-gd32895ea62 (webtiles) character file.

Game seed: 13578981966049926619

184 phalm the Chiller (level 5, -1/37 HPs)
             Began as a Gnoll Ice Elementalist on June 13, 2021.
             Slain by Menkaure (4 damage)
             ... on level 4 of the Dungeon.
             The game lasted 00:05:07 (4244 turns).

phalm the Chiller (Gnoll Ice Elementalist)          Turns: 4244, Time: 00:05:07

Health: -1/37      AC: 12    Str: 10    XL:     5   Next: 63%
Magic:  11/21      EV: 14    Int: 19    God:
Gold:   145        SH:  9    Dex: 15    Spells: 7/14 levels left

rFire    . . .     SeeInvis .   d - +0 spear
rCold    . . .     Faith    .   x - +0 buckler
rNeg     . . .     Spirit   .   a - +0 robe
rPois    .         Reflect  +   (no helmet)
rElec    .         Harm     .   s - +0 cloak
rCorr    .         Rampage  .   y - +0 pair of gloves
Will     .....                  n - +0 pair of boots
Stlth    +++.......             l - amulet of reflection
HPRegen  0.12/turn              W - ring of magical power
MPRegen  0.17/turn              (no ring)

@: icy armour, frozen ramparts
A: distributed training, fangs 1, strong nose
a: no special abilities


You were on level 4 of the Dungeon.
You visited 1 branch of the dungeon, and saw 4 of its levels.

You collected 145 gold pieces.


Innate Abilities, Weirdness & Mutations

Your experience applies equally to all skills.
You have very sharp teeth.
Your uncanny sense of smell can sniff out nearby items.


   Skills:
 + Level 1.6 Fighting
 + Level 1.6 Short Blades
 + Level 1.6 Long Blades
 + Level 1.6 Axes
 + Level 1.6 Maces & Flails
 + Level 1.6 Polearms
 + Level 1.6 Staves
 + Level 1.6 Slings
 + Level 1.6 Bows
 + Level 1.6 Crossbows
 + Level 1.6 Throwing
 + Level 1.6 Armour
 + Level 4.8 Dodging
 + Level 4.4 Stealth
 + Level 1.6 Shields
 + Level 1.6 Unarmed Combat
 + Level 5.2 Spellcasting
 + Level 1.2 Conjurations
 + Level 1.2 Hexes
 + Level 1.2 Summonings
 + Level 1.2 Necromancy
 + Level 1.2 Translocations
 + Level 1.2 Transmutations
 + Level 1.2 Fire Magic
 + Level 7.2 Ice Magic
 + Level 1.2 Air Magic
 + Level 1.2 Earth Magic
 + Level 1.2 Poison Magic
 + Level 1.8 Invocations
 + Level 1.6 Evocations


You had 7 spell levels left.
You knew the following spells:

 Your Spells              Type           Power        Failure   Level
f - Freeze                Ice            100%         1%          1
o - Ozocubu's Armour      Ice            32%          2%          3
r - Frozen Ramparts       Ice            64%          2%          3

Your spell library contained the following spells:

 Spells                   Type           Power        Failure   Level
 Hailstorm                Conj/Ice       21%          28%         4
 Summon Ice Beast         Ice/Summ       21%          28%         4

Inventory:

Hand Weapons
 c - a +0 short sword
   (You took it off a kobold on level 1 of the Dungeon)
 d - a +0 spear (weapon)
   (You found it on level 1 of the Dungeon)
Missiles
 b - 127 stones
 f - 21 sling bullets
 i - 10 poisoned darts (quivered)
 j - 20 arrows
Armour
 a - a +0 robe (worn)
 n - a +0 pair of boots (worn)
   (You found it on level 2 of the Dungeon)
 s - a +0 cloak (worn)
   (You took it off Crazy Yiuf on level 2 of the Dungeon)
 v - a +2 kite shield
   (You found it on level 3 of the Dungeon)
 x - a +0 buckler (worn)
   (You found it on level 3 of the Dungeon)
 y - a +0 pair of gloves (worn)
   (You found it on level 3 of the Dungeon)
Jewellery
 l - an amulet of reflection (around neck)
   (You found it on level 2 of the Dungeon)
 W - a ring of magical power (left hand)
   (You found it on level 2 of the Dungeon)
Scrolls
 e - 4 scrolls of identify {unknown}
 k - 3 scrolls of remove curse {unknown}
 m - a scroll of enchant armour {unknown}
 o - a scroll of blinking {unknown}
 p - a scroll of immolation {unknown}
 t - 4 scrolls of teleportation {unknown}
 z - a scroll of amnesia {unknown}
Potions
 g - 2 potions of brilliance {unknown}
 h - 2 potions of haste {unknown}
 q - a potion of degeneration {unknown}
 r - a potion of curing {@q1}
 u - a potion of mutation {unknown}
 w - a potion of heal wounds {unknown}

Dungeon Overview and Level Annotations

Branches:
Dungeon (4/15)
 Temple: D:4-7

Altars:
Yredelemnul

Annotations:
D:4 Menkaure

......(# #..... ......#
#..... .....########.....
.......<......... #####
............^....
#...######'#.............
#........†.+.............
#..........#.............
#..[....@M.#.............
#...######'#.....####'#..
#...###..........#....#..
#.....#..........#....#..
#.....#..........#....#..
#.....#..........##...#..
#.....#.....#######...###
#.....#....[# ..........#
#.....#.....# ..........#


You could see Menkaure (fast).


Message History

You hit the adder. You block the adder's attack. The adder closely misses you.
Casting: Frozen Ramparts (dangerous; 2% risk of failure)
Confirm with . or Enter, or press ? or * to list all spells.
Aiming: Freeze (safe; 1% risk of failure)
Press: ? - help, Shift-Dir - straight line, f - adder
Aim: an adder (heavily wounded)
You freeze the adder!
You kill the adder! 😎 MP[-1]
You lost 1 mp, and now have 20/21 mp.
You start resting. 😎 MP[+1]
Your mp is fully restored (21).
You see here an adder corpse.
You throw a poisoned dart. The poisoned dart hits Menkaure.
Menkaure shouts!
You close the door.
Casting: Freeze (safe; 1% risk of failure)
Confirm with . or Enter, or press ? or * to list all spells.
A film of ice covers your body! 😎 MP[-3]
You lost 3 mp, and now have 18/21 mp.
You open the door.
You start resting.
Menkaure is nearby! 😎 MP[+1]
Your icy armour will break if you move.
Continue?
Your icy armour cracks and falls away as you move. 😎 MP[+1] Menkaure mumbles some strange words.
Menkaure seems to speed up.
Casting: Ozocubu's Armour (dangerous; 2% risk of failure)
Confirm with . or Enter, or press ? or * to list all spells.
Casting: Frozen Ramparts (dangerous; 2% risk of failure)
Press: ? - help, Dir - look around, f - activate The walls around you are covered in ice.
Menkaure completely resists.
The wall freezes Menkaure but does no damage.
Menkaure gestures at you while chanting.
You barely resist. 😎 MP[-3]
You lost 3 mp, and now have 17/21 mp.
Casting: Frozen Ramparts (dangerous; 2% risk of failure)
Confirm with . or Enter, or press ? or * to list all spells.
A film of ice covers your body!
Menkaure resists.
The wall freezes Menkaure.
Menkaure giggles, "These cerements are ticklish..." 😎 MP[-3]
You lost 3 mp, and now have 14/21 mp.
You hit Menkaure.
Menkaure resists.
The wall freezes Menkaure.
Menkaure gestures ominously.
Menkaure calls on the powers of darkness!
Your body is wracked with pain! 😮 HP[-17]
You take 17 damage, and now have 20/37 hp.
MASSIVE DAMAGE!! (PAUSE)
Casting: Ozocubu's Armour (dangerous; 2% risk of failure)
Confirm with . or Enter, or press ? or * to list all spells.
Aiming: Freeze (safe; 1% risk of failure)
Press: ? - help, Shift-Dir - straight line, f - Menkaure
Aim: Menkaure (moderately damaged, fast) Menkaure completely resists.
You freeze Menkaure but do no damage.
Menkaure resists.
The wall freezes Menkaure.
Menkaure hits you but does no damage. 😮 MP[-1]
You lost 1 mp, and now have 13/21 mp.
Casting: Freeze (safe; 1% risk of failure)
Confirm with . or Enter, or press ? or * to list all spells.
Aiming: Freeze (safe; 1% risk of failure)
Press: ? - help, Shift-Dir - straight line, f/p - Menkaure
Aim: Menkaure (heavily damaged, fast) Menkaure resists.
You freeze Menkaure.
Menkaure completely resists.
The wall freezes Menkaure but does no damage.
Menkaure hits you!
* * * LOW HITPOINT WARNING * * *
Menkaure completely resists.
The wall freezes Menkaure but does no damage.
Menkaure calls on the powers of darkness!
Your body is wracked with pain!
* * * LOW HITPOINT WARNING * * *
😱 HP[-17]
You take 17 damage, and now have 3/37 hp.
MASSIVE DAMAGE!! (PAUSE)
Casting: Freeze (safe; 1% risk of failure)
Confirm with . or Enter, or press ? or * to list all spells.
Aiming: Freeze (safe; 1% risk of failure)
Press: ? - help, Shift-Dir - straight line, f/p - Menkaure
Aim: Menkaure (heavily damaged, fast) Menkaure resists.
You freeze Menkaure.
Menkaure completely resists.
The wall freezes Menkaure but does no damage.
Menkaure closely misses you. 😱 MP[-1]
You lost 1 mp, and now have 12/21 mp.
Casting: Freeze (safe; 1% risk of failure)
Confirm with . or Enter, or press ? or * to list all spells.
Aiming: Freeze (safe; 1% risk of failure)
Press: ? - help, Shift-Dir - straight line, f/p - Menkaure
Aim: Menkaure (heavily damaged, fast) Menkaure resists.
You freeze Menkaure.
Menkaure resists.
The wall freezes Menkaure.
Menkaure hits you.
You die...

Skill      XL: |  1  2  3  4 |
---------------+-------------+-----
Spellcasting   | 5 |  5.2
Invocations    | 1 |  1.8
Fighting       | 1 |  1.6
Short Blades   | 1 |  1.6
Long Blades    | 1 |  1.6
Axes           | 1 |  1.6
Maces & Flails | 1 |  1.6
Polearms       | 1 |  1.6
Staves         | 1 |  1.6
Slings         | 1 |  1.6
Bows           | 1 |  1.6
Crossbows      | 1 |  1.6
Throwing       | 1 |  1.6
Armour         | 1 |  1.6
Shields        | 1 |  1.6
Unarmed Combat | 1 |  1.6
Evocations     | 1 |  1.6
Conjurations   | 1 |  1.2
Hexes          | 1 |  1.2
Summonings     | 1 |  1.2
Necromancy     | 1 |  1.2
Translocations | 1 |  1.2
Transmutations | 1 |  1.2
Fire Magic     | 1 |  1.2
Air Magic      | 1 |  1.2
Earth Magic    | 1 |  1.2
Poison Magic   | 1 |  1.2
Dodging        | |  4.8
Stealth        | |  4.4
Ice Magic      | |  7.2

Action                   |  1- 3 |  4- 6 || total
-------------------------+-------+-------++-------
Melee: Unarmed           |    12 |       ||    12
       Spear             |    93 |    83 ||   176
       Short sword       |     2 |       ||     2
       Bite              |    10 |     2 ||    12
Throw: Stone             |     8 |       ||     8
       Dart              |    20 |    31 ||    51
 Cast: Freeze            |    12 |    10 ||    22
       Ozocubu's Armour  |     1 |     4 ||     5
       Frozen Ramparts   |     1 |     4 ||     5
 Stab: Sleeping          |     5 |     2 ||     7
Armor: Robe              |    24 |    25 ||    49
Dodge: Dodged            |    63 |    60 ||   123
Block: Other             |     7 |    22 ||    29
       Reflection        |       |     1 ||     1
       Buckler           |       |    10 ||    10

Levels and vault maps discovered:
D:1:      wander_arrival_peaceful_grave, layout_basic
D:2:      minmay_spotlight, layout_loops_ring, minmay_hedge_maze,
          uniq_crazy_yiuf_cottage
D:3:      layout_rooms, lemuel_altar_in_water
D:4:      layout_gridville, uniq_menkaure

Notes
Turn   | Place    | Note
-------+----------+-------------------------------------------
     0 | D:1      | phalm the Gnoll Ice Elementalist began the quest for the
                  | Orb.
     0 | D:1      | Reached XP level 1. HP: 13/13 MP: 6/6
     0 | D:1      | magus.rc [v1.9.10]
   416 | D:1      | Reached XP level 2. HP: 19/19 MP: 7/7
  1618 | D:2      | Reached skill level 5 in Spellcasting
  1618 | D:2      | Reached XP level 3. HP: 11/25 MP: 6/9
  2182 | D:2      | Reached skill level 1 in Invocations
  2242 | D:2      | Learned a level 3 spell: Frozen Ramparts
  2246 | D:2      | Learned a level 3 spell: Ozocubu's Armour
  2773 | D:2      | Found a runed translucent door.
  2774 | D:2      | Noticed Crazy Yiuf
  2941 | D:2      | Killed Crazy Yiuf
  2942 | D:2      | Reached skill level 1 in Fighting
  2942 | D:2      | Reached skill level 1 in Short Blades
  2942 | D:2      | Reached skill level 1 in Long Blades
  2942 | D:2      | Reached skill level 1 in Axes
  2942 | D:2      | Reached skill level 1 in Maces & Flails
  2942 | D:2      | Reached skill level 1 in Polearms
  2942 | D:2      | Reached skill level 1 in Staves
  2942 | D:2      | Reached skill level 1 in Slings
  2942 | D:2      | Reached skill level 1 in Bows
  2942 | D:2      | Reached skill level 1 in Crossbows
  2942 | D:2      | Reached skill level 1 in Throwing
  2942 | D:2      | Reached skill level 1 in Armour
  2942 | D:2      | Reached skill level 1 in Shields
  2942 | D:2      | Reached skill level 1 in Unarmed Combat
  2942 | D:2      | Reached skill level 1 in Evocations
  2942 | D:2      | Reached XP level 4. HP: 32/32 MP: 11/11
  3221 | D:3      | Reached skill level 1 in Conjurations
  3221 | D:3      | Reached skill level 1 in Hexes
  3221 | D:3      | Reached skill level 1 in Summonings
  3221 | D:3      | Reached skill level 1 in Necromancy
  3221 | D:3      | Reached skill level 1 in Translocations
  3221 | D:3      | Reached skill level 1 in Transmutations
  3221 | D:3      | Reached skill level 1 in Fire Magic
  3221 | D:3      | Reached skill level 1 in Air Magic
  3221 | D:3      | Reached skill level 1 in Earth Magic
  3221 | D:3      | Reached skill level 1 in Poison Magic
  3291 | D:3      | Reached XP level 5. HP: 37/37 MP: 12/12
  3346 | D:3      | Found a basalt altar of Yredelemnul.
  3839 | D:4      | HP: 9/37 [gnoll/+0 spear (3)]
  4209 | D:4      | Noticed Menkaure
  4242 | D:4      | HP: 4/37 [Menkaure (16)]
  4244 | D:4      | Slain by Menkaure

Vanquished Creatures
  Crazy Yiuf (D:2)
  4 gnolls (D:4)
  4 adders
  2 oozes
  2 worms
  A dart slug (D:4)
  2 leopard geckos
  2 orcs (D:3)
  A ball python (D:1)
  5 bats
  3 giant cockroaches
  9 goblins
  7 hobgoblins
  3 jackals (D:3)
  A quokka (D:3)
  A frilled lizard (D:3)
  7 kobolds
  7 rats
62 creatures vanquished.

Table legend:
 A = Non-vault XP
 B = Vault XP
 C = Vault XP percentage of total XP
 D = Non-vault monster count
 E = Vault monster count
 F = Vault count percentage of total count
                 A         B        C        D         E       F
            +---------+---------+-------+---------+---------+-------
      Total |     208 |      55 |  20.9 |      56 |       6 |   9.7
            +---------+---------+-------+---------+---------+-------
        D:1 |      23 |       0 |   0.0 |      14 |       0 |   0.0
        D:2 |      35 |      55 |  61.1 |      11 |       6 |  35.3
        D:3 |      67 |       0 |   0.0 |      23 |       0 |   0.0
        D:4 |      83 |       0 |   0.0 |       8 |       0 |   0.0
            +---------+---------+-------+---------+---------+-------

Illustrated notes

Table legend:
 A = Kills in this place as a percentage of kills in entire the game.
 B = Kills by you in this place as a percentage of kills by you in the entire game.
 C = Kills by friends in this place as a percentage of kills by friends in the entire game.
 D = Other kills in this place as a percentage of other kills in the entire game.
 E = Experience gained in this place as a percentage of experience gained in the entire game.
 F = Experience gained in this place divided by the number of levels of this place that you have seen.
                   A       B       C       D       E      F
               +-------+-------+-------+-------+-------+----------------------
         Total | 100.0 | 100.0 |   N/A |   N/A | 100.0 |  65.8
       Dungeon | 100.0 | 100.0 |   N/A |   N/A | 100.0 |  65.8
               +-------+-------+-------+-------+-------+----------------------

Table legend: (Time is in decaauts)
 A = Elapsed time spent in this place.
 B = Non-inter-level travel time spent in this place.
 C = Inter-level travel time spent in this place.
 D = Time resting spent in this place.
 E = Time spent auto-exploring this place.
 F = Levels seen in this place.
 G = Mean time per level.
                   A        B        C        D        E       F      G
               +--------+--------+--------+--------+--------+-----+--------+
         Total |   4250 |   4176 |     74 |     12 |   3660 |   4 | 1062.5 |
       Dungeon |   4250 |   4176 |     74 |     12 |   3660 |   4 | 1062.5 |
               +--------+--------+--------+--------+--------+-----+--------+

Top non-repeatable levels by time:
     D:1: 1558 daAuts
     D:2: 1468 daAuts
     D:3: 750 daAuts
     D:4: 472 daAuts
